Description

just test

Build Order

Get SALT Encoding   

  12  0:02  SCV  
  13  0:15  SCV  
  14  0:17  Supply Depot  
  14  0:27  SCV  
  15  0:39  SCV  
  16  0:40  Barracks  
  16  0:45  Refinery  
  16  0:52  SCV  
  17  1:04  SCV  
  18  1:16  SCV  
  19  1:29  Orbital Command  
  19  1:30  Reaper  
  20  1:39  Command Center  
  20  1:54  SCV  
  21  1:55  Barracks  
  21  1:56  Hercules  
  21  2:06  SCV  
  22  2:07  Refinery  
  22  2:10  Factory  
  22  2:19  SCV  
  23  2:26  Action  
  23  2:29  Barracks  
  23  2:31  SCV  
  24  2:32  Barracks  
  24  2:35  Marine  
  25  2:43  SCV  
  26  2:48  Marine  
  27  2:53  Marine  
  28  2:55  SCV  
  29  2:57  Supply Depot  
  29  2:58  Factory Tech Lab  
  29  3:01  Hercules  
  29  3:08  SCV  
  30  3:09  Marine  
  31  3:11  Marine  
  32  3:16  Barracks Tech Lab  
  32  3:18  Siege Tank  
  35  3:20  SCV  
  36  3:21  Marine  
  37  3:32  SCV  
  38  3:33  Marine  
  39  3:34  Marine  
  40  3:36  Combat Shield  
  40  3:39  Marine  
  41  3:45  SCV  
  42  3:46  Marauder  
  44  3:50  Siege Tank  
  47  3:57  SCV  
  48  3:58  Marine  
  49  3:59  Marine  
  50  4:00  Marine  
  51  4:03  Action  
  51  4:06  Hercules  
  51  4:08  Marauder  
  53  4:09  SCV  
  54  4:10  Supply Depot  
  54  4:16  Marine  
  55  4:17  Marine  
  56  4:18  Marine  
  57  4:22  SCV  
  58  4:23  Siege Tank  
  61  4:32  Marauder  
  63  4:34  SCV  
  64  4:35  Marine  
  65  4:36  Marine  
  66  4:37  Marine  
Spawning Tool Build Advisor. Get it on Overwolf

Analysis

Just test

Go to:

Details

  • Created by: witor
  • Published on: Apr 20, 2019
  • Modified on: Apr 20, 2019
  • Patch: 4.7.1
Show
View Real Time Build Order
Export as new Build Order

Comments (0)

There are no comments. Be the first!

Create an account to comment!